 Dungeon Crawl Stone Soup version 0.29-a0-821-g66395355a5 (webtiles) character file.

Game seed: 17133541262118282886

146685 Brotato the Unseen (level 16, -1/110 HPs)
             Began as a Vampire Brigand on July 7, 2022.
             Was an Initiate of Gozag.
             Slain by a nagaraja
             ... wielding a +0 spear
              (15 damage)
             ... on level 4 of the Snake Pit.
             The game lasted 02:42:06 (38708 turns).

Brotato the Unseen (Vampire Brigand)               Turns: 38708, Time: 02:42:07

Health: -1/110     AC: 32    Str: 10    XL:     16   Next: 90%
Magic:  16/16      EV:  6    Int: 14    God:    Gozag
Gold:   1703       SH:  0    Dex: 29    Spells: 15/15 levels left

rFire   + . .      SeeInvis +   e - +4 short sword (drain)
rCold   + + +      Faith    .   Z - +0 tower shield
rNeg    + + +      Spirit   .   p - +18 Lear's hauberk
rPois   ∞          Reflect  .   (helmet currently unavailable)
rElec   +          Harm     .   y - +1 cloak
rCorr   +          Rampage  .   (gloves currently unavailable)
Will    +....                   (boots currently unavailable)
Stlth   ++........              S - amulet of regeneration
HPRegen 0.00/turn               L - +6 ring of dexterity
MPRegen 0.15/turn               B - ring of Yrah {rElec rC++ rN+}

@: confused, resistant, ambrosia-drunk, weakened, gold aura, bloodless,
inhibited regen, constricted, invisible
A: bloodless, fangs 3, see invisible, vampiric 2, talons 1, mutation resistance
1
a: Bat Form, Revivify, Renounce Religion, Potion Petition, Call Merchant, Bribe
Branch


You were on level 4 of the Snake Pit.
You worshipped Gozag.
Gozag was most pleased with you.
You visited 4 branches of the dungeon, and saw 26 of its levels.

You collected 8918 gold pieces.
You spent 1426 gold pieces at shops.
You paid 5789 gold pieces to Gozag.

Inventory:

Hand Weapons
 a - a +4 dagger
 e - a +4 short sword of draining (weapon)
 I - the +10 trident "Jellyslayer" {speed, rC+}
   (You found it on level 9 of the Dungeon)

   Attacks with this weapon are significantly faster.
   rC:        It protects you from cold.
Missiles
 d - 34 poisoned darts (quivered)
 n - 4 curare-tipped darts
 r - 3 atropa-tipped darts
 O - 2 throwing nets
Armour
 c - a +0 troll leather armour
 p - the +18 Lear's hauberk (worn)
   (You found it on level 2 of the Dungeon)
 w - the +3 pair of gloves of New Discoveries {rF++ Str-2 Int+3}
   (You found it on level 4 of the Dungeon)

   Str:       It affects your strength (-2).
   Int:       It affects your intelligence (+3).
   rF:        It greatly protects you from fire.
 y - a +1 cloak (worn)
 Y - the +1 robe of Reipro {Rampage Archmagi}
   (You found it on level 6 of the Lair of Beasts)

   Rampage:   It bestows one free step when moving towards enemies.
   Archmagi:  It increases the power of your magical spells.
 Z - a +0 tower shield (worn)
Jewellery
 f - a ring of willpower
 A - an amulet of guardian spirit
 B - the ring of Yrah (right hand) {rElec rC++ rN+}
   (You found it on level 13 of the Dungeon)

   [ring of positive energy]

   rC:        It greatly protects you from cold.
   rElec:     It insulates you from electricity.
   rN:        It protects you from negative energy.
 D - a ring of fire
 L - a +6 ring of dexterity (left hand)
 M - a ring of willpower
 N - a +6 ring of dexterity
 S - an amulet of regeneration (around neck)
 T - a ring of willpower
 X - a +6 ring of dexterity
Wands
 h - a wand of polymorph (25)
 k - a wand of acid (8)
 u - a wand of digging (4)
 v - a wand of iceblast (3)
 H - a wand of mindburst (7)
Scrolls
 b - 4 scrolls of immolation
 g - 5 scrolls of identify
 j - 3 scrolls of magic mapping
 l - a scroll of silence
 m - 4 scrolls of poison
 t - 6 scrolls of fog
 z - 6 scrolls of vulnerability
 C - 2 scrolls of amnesia
 E - 4 scrolls of enchant armour
 Q - a scroll of blinking
 V - a scroll of torment
Potions
 i - a potion of berserk rage
 o - 3 potions of magic
 q - a potion of ambrosia
 P - 4 potions of flight
 U - 5 potions of brilliance
Miscellaneous
 x - a box of beasts (inert)
 G - a condenser vane (inert)


   Skills:
 * Level 15.9 Fighting
 + Level 13.7 Short Blades
 - Level 1.6 Throwing
 + Level 10.4 Armour
 + Level 13.6 Dodging
 + Level 17.0 Stealth
 + Level 10.7 Shields


You had 15 spell levels left.
You didn't know any spells.
Your spell library contained the following spells:

 Spells                   Type           Power      Damage    Failure   Level
 Apportation              Tloc           0%         N/A       100%        1
 Foxfire                  Conj/Fire      0%         2x1d4     100%        1
 Sandblast                Erth           0%         2d4       100%        1
 Slow                     Hex            0%         N/A       100%        1
 Ensorcelled Hibernation  Hex/Ice        0%         N/A       100%        2
 Passwall                 Tmut/Erth      0%         N/A       100%        2
 Scorch                   Fire           0%         2d5       100%        2
 Static Discharge         Conj/Air       0%         3-3/arc   100%        2
 Call Canine Familiar     Summ           0%         N/A       100%        3
 Confusing Touch          Hex            0%         N/A       100%        3
 Conjure Flame            Conj/Fire      0%         6-21      100%        3
 Inner Flame              Hex/Fire       0%         N/A       100%        3
 Portal Projectile        Hex/Tloc       0%         N/A       100%        3
 Stone Arrow              Conj/Erth      0%         3d7       100%        3
 Swiftness                Air            0%         N/A       100%        3
 Vampiric Draining        Necr           0%         2d6       100%        3
 Airstrike                Air            0%         0-1+      100%        4
 Animate Armour           Summ/Erth      0%         N/A       100%        4
 Dispel Undead            Necr           0%         3d6       100%        4
 Flame Wave               Conj/Fire      0%         2d4       100%        4
 Leda's Liquefaction      Hex/Erth       0%         N/A       100%        4
 Sticky Flame             Conj/Fire      0%         2d3       100%        4
 Summon Lightning Spire   Summ/Air       0%         N/A       100%        4
 Alistair's Intoxication  Tmut/Pois      0%         N/A       100%        5
 Blade Hands              Tmut           0%         N/A       100%        5
 Lightning Bolt           Conj/Air       0%         1d11      100%        5
 Iron Shot                Conj/Erth      0%         9d1       100%        6
 Summon Cactus Giant      Summ           0%         N/A       100%        6
 Lehudib's Crystal Spear  Conj/Erth      0%         10d2      100%        8
 Maxwell's Capacitive Co  Air            0%         ∞         100%        8


Dungeon Overview and Level Annotations

Branches:
Dungeon (15/15)            Temple (1/1) D:4            Lair (6/6) D:10
 Shoals (0/4) Lair:4        Snake (4/4) Lair:4        Slime (0/5) Lair:5
    Orc (0/2) D:12         Vaults (0/5) D:14         Depths (0/4) D:15

Altars:
Ashenzari
Cheibriados
Dithmenos
Fedhas
Gozag
Hepliaklqana
Kikubaaqudgha
Makhleb
Nemelex Xobeh
Okawaru
Qazlal
Ru
Sif Muna
Trog
Uskayaw
Vehumet
Wu Jian
Xom
Yredelemnul

Shops:
D:4 *   D:6 *   D:10 =(=([   D:14 *   D:15 =   Snake:2 [*

Annotations:
D:4 exclusion: jelly
D:9 exclusion: door
Lair:4 exclusion: 2 oklob plants
Lair:6 2 runed translucent doors, exclusion: 2 doors
Snake:4 2 transporters, Pooter's ghost, adept MiBe; Vashnia


Innate Abilities, Weirdness & Mutations

You do not regenerate when monsters are visible.
You are frail without blood (-20% HP).
You can heal yourself when you bite living creatures.
You are immune to poison.
You have razor-sharp teeth.
You have supernaturally acute eyesight. (SInv)
You are afflicted with vampirism and can become a bat while bloodless.
You have sharp toenails.
You are somewhat resistant to further mutation.


Message History

The anaconda is engulfed in blazing flames.
The anaconda is distracted by your dazzling golden aura.
The nagaraja is engulfed in blazing flames.
The naga sharpshooter is engulfed in blazing flames.
The black mamba is engulfed in blazing flames.
You kill the black mamba!
The naga warrior is engulfed in blazing flames.
The naga warrior hits you but does no damage.
The naga warrior closely misses you.
The naga ritualist is engulfed in blazing flames.
The naga ritualist spits poison at you. The splash of poison misses you.
The anaconda is engulfed in blazing flames.
The nagaraja is engulfed in blazing flames.
You are more confused.
You feel more invigorated.
The naga sharpshooter is no longer distracted by gold.
The nagaraja is no longer distracted by gold.
The anaconda is engulfed in blazing flames.
The nagaraja is engulfed in blazing flames.
The nagaraja hits you but does no damage.
The nagaraja grabs you. The nagaraja constricts you.
* * * LOW HITPOINT WARNING * * *
The naga warrior is engulfed in blazing flames.
The naga warrior roars a battlecry!
The nagas go into a battle-frenzy!
The naga sharpshooter is engulfed in blazing flames.
The naga sharpshooter is distracted by your dazzling golden aura.
The naga ritualist is engulfed in blazing flames.
The naga ritualist invokes the aid of its god against you.
You easily resist.
The anaconda is engulfed in blazing flames.
Vashnia is engulfed in blazing flames.
Vashnia is distracted by your dazzling golden aura.
The naga sharpshooter is engulfed in blazing flames.
The naga sharpshooter is distracted by your dazzling golden aura.
The nagaraja is engulfed in blazing flames.
The nagaraja hits you from afar with a +0 spear!
You die...
Your body crumbles into a pile of gold.

.....S..⌠.
N.......N. ##
...8.8N8.8 .#
NNN....NN.§ §○#
.⌠...S....§§.. §§#
.........S§S§. #§§#
...8.8N8S8§8§8
##○§§#
......N.N§§§§N§#§§§#
....S.N.N§§☼§NN§@$○#
#...N....§§○§§NN§N##
###......§§○§○§N###
#....§§§§§##
########### #....#
####....# .......##
..#...##


You could see Vashnia (strong, unaware), 2 nagarajas, a naga warrior, 2 naga
sharpshooters, an anaconda (wandering, unable to see you), a naga ritualist
(strong, curare, catching breath) and a guardian serpent.

Vanquished Creatures
  Mlioglotl (Snake:1)
  Jorgrun (D:12)
  Kirke (D:12)
  A very ugly thing (D:15)
  Nessos (D:12)
  Snorg (Lair:6)
  2 fire dragons
  A great orb of eyes (D:15)
  6 hydras
  Josephine (D:11)
  A salamander tyrant (Snake:2)
  A vault guard (D:14)
  5 boulder beetles
  2 catoblepae
  2 ogre magi (D:15)
  13 anacondas
  5 centaur warriors
  9 naga warriors
  12 two-headed ogres
  3 death yaks (Lair:5)
  4 naga sharpshooters
  10 shock serpents
  Amaemon (D:11)
  A salamander mystic (Snake:4)
  5 skeletal warriors
  6 naga ritualists
  A wizard (D:14)
  3 necromancers (D:14)
  An orc knight (D:14)
  A lindwurm (Lair:6)
  A deep elf pyromancer (D:14)
  19 ugly things
  An orc sorcerer (D:15)
  11 mana vipers
  11 salamanders
  6 cyclopes
  7 elephants
  49 black mambas
  Joseph (D:7)
  4 guardian serpents
  7 cane toads
  An orange demon (D:11)
  A gargoyle (D:10)
  9 naga magi
  2 molten gargoyles (Lair:6)
  3 kobold demonologists
  12 komodo dragons
  4 rime drakes
  A rime drake (shapeshifter) (D:15)
  2 freezing wraiths
  A tengu conjurer (D:8)
  3 polar bears
  A wind drake (shapeshifter) (D:14)
  3 meliai
  A queen bee (Lair:4)
  2 trolls
  4 blink frogs (Lair:5)
  12 dream sheep
  A culicivora (shapeshifter) (D:15)
  9 slime creatures
  A vampire (D:12)
  A water elemental (D:12)
  5 wraiths
  A yak (shapeshifter) (D:9)
  7 wyverns
  7 basilisks
  20 humans (D:14)
  39 yaks
  4 vampire mosquitoes (D:13)
  5 hogs (D:12)
  A fire elemental (Lair:5)
  A human (shapeshifter) (D:15)
  4 steam dragons
  25 nagas
  A warg (D:12)
  4 acid dragons
  A floating eye (shapeshifter) (D:15)
  21 water moccasins
  4 hell hounds
  8 orc warriors
  A sky beast (D:6)
  A black bear (D:7)
  4 ogres
  11 wolves
  A tengu (shapeshifter) (D:14)
  10 centaurs
  A phantom (D:5)
  3 kobold brigands
  13 bullfrogs
  Blork the orc (D:4)
  4 necrophages
  3 scorpions (D:5)
  5 wights
  52 killer bees
  5 howler monkeys
  2 electric eels (Lair:5)
  5 lava snakes (Lair:6)
  17 jellies
  4 hounds
  5 gnoll boudas
  17 orc priests
  19 orc wizards
  3 iguanas
  A hell rat (Lair:4)
  22 gnolls
  15 adders
  2 shadow imps
  A white imp (D:7)
  A dart slug (D:2)
  52 orcs
  5 ball pythons
  9 endoplasms
  9 goblins
  9 hobgoblins
  30 kobolds
  6 quokkas
  4 bats
  3 frilled lizards
  2 rats (D:1)
809 creatures vanquished.

Vanquished Creatures (collateral kills)
  A cane toad (Lair:4)
  2 water moccasins (Lair:4)
3 creatures vanquished.

Vanquished Creatures (others)
  A human (D:12)
  A naga (Snake:4)
  A centaur (D:12)
  An electric eel (D:12)
  An orc priest (D:4)
  A kobold (D:10)
  49 fungi
  86 plants
141 creatures vanquished.

Grand Total: 953 creatures vanquished

Notes
Turn   | Place    | Note
-------+----------+-------------------------------------------
     0 | D:1      | Brotato the Vampire Brigand began the quest for the Orb.
     0 | D:1      | Reached XP level 1. HP: 16/16 MP: 1/1
   206 | D:1      | Reached skill level 6 in Stealth
   210 | D:1      | Reached XP level 2. HP: 17/22 MP: 2/2
   647 | D:1      | Gained mutation: You are afflicted with vampirism and can
                  | become a bat while bloodless. [Vampire growth]
   647 | D:1      | Reached XP level 3. HP: 16/28 MP: 3/3
   810 | D:2      | Found an ornate altar of the Wu Jian Council.
   843 | D:2      | Found the +18 Lear's hauberk
  1103 | D:2      | Found a faded altar of an unknown god.
  1111 | D:2      | Reached XP level 4. HP: 34/34 MP: 4/4
  1546 | D:3      | Reached skill level 1 in Armour
  1632 | D:3      | Reached XP level 5. HP: 33/41 MP: 5/5
  2229 | D:4      | Noticed Blork the orc
  2243 | D:4      | Killed Blork the orc
  2258 | D:4      | Found a sacrificial altar of Ru.
  2552 | D:4      | Reached XP level 6. HP: 47/47 MP: 6/6
  2582 | D:4      | Found a staircase to the Ecumenical Temple.
  2633 | D:4      | Identified the +3 pair of gloves of New Discoveries {rF++
                  | Str-2 Int+3}
  2657 | Temple   | Entered the Ecumenical Temple
  2768 | Temple   | Became a worshipper of Gozag Ym Sagoz the Greedy
  2973 | D:4      | Found Lacron's General Store.
  3003 | D:4      | Reached skill level 7 in Stealth
  3012 | D:4      | Gained mutation: You have sharp toenails. [potion of
                  | mutation]
  3012 | D:4      | Gained mutation: You are somewhat resistant to further
                  | mutation. [potion of mutation]
  3012 | D:4      | HP: 2/48 [orc priest/divine providence (9)]
  3364 | D:4      | Reached XP level 7. HP: 53/55 MP: 7/7
  3547 | D:5      | Entered Level 5 of the Dungeon
  3932 | D:5      | Reached skill level 5 in Fighting
  3932 | D:5      | Reached skill level 8 in Stealth
  4018 | D:5      | Reached XP level 8. HP: 62/62 MP: 8/8
  4259 | D:5      | Reached skill level 5 in Short Blades
  4642 | D:5      | Found a sparkling altar of Nemelex Xobeh.
  5099 | D:5      | Reached skill level 9 in Stealth
  5393 | D:6      | Reached skill level 5 in Dodging
  5393 | D:6      | Reached skill level 1 in Shields
  5511 | D:6      | Reached XP level 9. HP: 67/70 MP: 9/9
  5932 | D:6      | You fall into a shaft and drop 2 floors!
  6135 | D:8      | Noticed a two-headed ogre
  6157 | D:8      | Killed a two-headed ogre
  6158 | D:8      | Reached skill level 10 in Stealth
  6547 | D:7      | Noticed Joseph
  6916 | D:8      | Reached XP level 10. HP: 24/79 MP: 10/10
  7605 | D:6      | Found Rebluzis's Overcharged Wands.
  7643 | D:6      | Bought a wand of iceblast (18) for 330 gold pieces
  7852 | D:4      | Bought a +1 cloak for 149 gold pieces
  7852 | D:4      | Bought a potion of might for 52 gold pieces
  8014 | D:7      | Killed Joseph
  8300 | D:8      | Reached skill level 11 in Stealth
  8930 | D:8      | Reached skill level 5 in Armour
  8930 | D:8      | Found the +0 staff of Battle
  9865 | D:9      | Noticed a harpy
  9865 | D:9      | Noticed a centaur warrior
  9876 | D:9      | a harpy changed into a yak
  9901 | D:9      | Identified the +10 trident "Jellyslayer" {speed, rC+}
 10047 | D:9      | Noticed a four-headed hydra
 10047 | D:9      | Noticed a manticore
 10093 | D:9      | Found a hide-covered altar of Uskayaw.
 10093 | D:9      | Found a radiant altar of Vehumet.
 10339 | D:10     | Entered Level 10 of the Dungeon
 10432 | D:10     | Noticed a gargoyle
 10437 | D:10     | Killed a gargoyle
 10438 | D:10     | Reached XP level 11. HP: 87/87 MP: 11/11
 10954 | D:10     | Reached skill level 12 in Stealth
 11084 | D:10     | Found a staircase to the Lair.
 11094 | Lair:1   | Entered Level 1 of the Lair of Beasts
 11774 | Lair:1   | Reached skill level 5 in Shields
 12176 | Lair:1   | Found a shimmering altar of Xom.
 13505 | Lair:2   | Noticed a boulder beetle
 13921 | Lair:2   | Reached skill level 10 in Fighting
 14135 | Lair:2   | Killed a boulder beetle
 14244 | Lair:2   | Reached skill level 13 in Stealth
 14383 | Lair:3   | Noticed a five-headed hydra
 14386 | Lair:3   | Killed a five-headed hydra
 14387 | Lair:3   | Reached XP level 12. HP: 97/97 MP: 12/12
 14434 | Lair:3   | Noticed an eight-headed hydra
 14476 | Lair:3   | Killed an eight-headed hydra
 15255 | Lair:3   | Noticed a catoblepas
 15258 | Lair:3   | Killed a catoblepas
 15343 | Lair:4   | Found a staircase to the Shoals.
 15558 | Lair:4   | Found a staircase to the Snake Pit.
 16524 | Lair:4   | Noticed a six-headed hydra
 16669 | Lair:5   | Reached skill level 14 in Stealth
 18058 | Lair:4   | Reached XP level 13. HP: 84/84 MP: 13/13
 18324 | Lair:4   | Reached skill level 10 in Short Blades
 20031 | D:11     | Noticed Amaemon
 20044 | D:11     | Killed Amaemon
 21017 | D:12     | Noticed Kirke
 21017 | D:12     | Noticed Jorgrun
 21023 | D:12     | Found a gate leading to a gauntlet.
 21024 | D:12     | Reached skill level 10 in Dodging
 21517 | D:12     | Noticed Josephine
 21536 | D:11     | Killed Josephine
 22500 | D:12     | Found a staircase to the Orcish Mines.
 22506 | D:12     | Identified the +5 hand axe of Qazlal's Envy {pain, Will+
                  | Int+2 Dex+2}
 22819 | D:12     | Reached skill level 15 in Stealth
 22839 | D:12     | Killed Kirke
 23285 | D:13     | Identified the ring of Yrah {rElec rC++ rN+}
 23356 | D:13     | Identified the +0 chain mail "Taj Newe" {rF+ Int+3}
 23597 | D:13     | Identified the +1 leather armour of the Shining One's Whim
                  | {Harm rPois rCorr Str-2}
 23719 | D:14     | Found Couseas's General Store.
 23725 | D:14     | Bought a potion of might for 72 gold pieces
 23725 | D:14     | Bought a scroll of enchant weapon for 135 gold pieces
 23818 | D:14     | Noticed a fire dragon
 23821 | D:14     | Killed a fire dragon
 23846 | D:15     | Entered Level 15 of the Dungeon
 23846 | D:15     | Found Ylih's Jewellery Shop.
 24243 | D:15     | Reached XP level 14. HP: 92/92 MP: 14/14
 26339 | D:15     | Noticed a cyan very ugly thing
 26362 | D:15     | Killed a white very ugly thing
 26506 | D:15     | Found a staircase to the Depths.
 27552 | D:14     | Found a broken altar of Ashenzari.
 28153 | D:14     | Found a gate to the Vaults.
 28530 | Lair:5   | Found a staircase to the Slime Pits.
 28766 | Lair:5   | Reached XP level 15. HP: 98/100 MP: 15/15
 29048 | Lair:6   | Entered Level 6 of the Lair of Beasts
 29957 | Lair:6   | Identified the +1 robe of Reipro {Rampage Archmagi}
 29997 | Lair:6   | Noticed Snorg
 30884 | Lair:6   | Killed Snorg
 31477 | Lair:6   | Found a large runed translucent door.
 31478 | Lair:6   | Found a large runed translucent door.
 31978 | D:12     | Killed Jorgrun
 32080 | D:12     | Noticed Nessos
 32087 | D:12     | Killed Nessos
 33243 | Snake:1  | Entered Level 1 of the Snake Pit
 34207 | Snake:1  | Noticed Mlioglotl
 34230 | Snake:1  | Killed Mlioglotl
 34738 | Snake:1  | Reached skill level 15 in Fighting
 34857 | Snake:2  | Identified the +2 pair of gloves of the Hills {rPois rC+
                  | Int+2}
 34885 | Snake:2  | Found Tiolur's Armour Shop.
 34889 | Snake:2  | Found Zuegouwu's General Store.
 34900 | Snake:2  | Bought a scroll of teleportation for 48 gold pieces
 34900 | Snake:2  | Bought a box of beasts for 640 gold pieces
 34940 | Snake:2  | Reached XP level 16. HP: 92/108 MP: 16/16
 34958 | Snake:2  | Reached skill level 10 in Shields
 35354 | Snake:2  | Identified the +3 leather armour "Damnable Contraption"
                  | {Dex+5 Slay-6 SInv}
 35804 | Snake:3  | Reached skill level 16 in Stealth
 35999 | Snake:2  | Reached skill level 10 in Armour
 36662 | Snake:3  | Identified the +1 helmet of the Moon {Will+}
 37285 | Snake:4  | Entered Level 4 of the Snake Pit
 38068 | Snake:4  | Found a transporter.
 38074 | Snake:4  | Noticed Pooter's ghost (adept MiBe)
 38092 | Snake:4  | Found a transporter.
 38690 | Snake:4  | Noticed Vashnia
 38704 | Snake:4  | HP: 4/110 [nagaraja/+0 flail (8)]
 38705 | Snake:4  | Reached skill level 17 in Stealth
 38708 | Snake:4  | Slain by a nagaraja

Illustrated notes

Levels and vault maps discovered:
D:1:      scummos_arrival_forest, layout_rooms, serial_aquarium,
          aquarium_bridge_square [aquarium_subvault_bridge,
          aquarium_subvault_balcony, aquarium_subvault_bridge,
          aquarium_subvault_wall], aquarium_bridge_square
          [aquarium_subvault_bridge, aquarium_subvault_window,
          aquarium_subvault_bridge, aquarium_subvault_bridge],
          aquarium_window_2, aquarium_window_double, aquarium_window_corridor_1,
          aquarium_window_1, aquarium_view_2b, aquarium_balcony_1a
D:2:      layout_basic, basic_altar, chequers_ecumenical_altar_simple_redux
D:3:      layout_basic, nicolae_overflow_hidden_temple
D:4:      layout_basic, kennysheep_mini, minmay_temple_entry_glassed_door,
          serial_shops, nicolae_shop_behind_doors, uniq_blork_the_orc
D:5:      minmay_razor_zed, layout_loops_ring, mainiacjoe_overflow_alcove_4
D:6:      layout_cave_pools, grunt_ministairs_11, dk_noncrumbling_2,
          hangedman_decor_slide_cut, nicolae_shop_overcharged_wands
D:7:      layout_cave_pools, minivault_26, kennysheep_generic_room_11,
          uniq_joseph
D:8:      layout_layer_cave, hellmonk_guarded_unrand_staff_of_battle
D:9:      minmay_the_grid_octo_triangle [minmay_the_grid_octo_checkerflower,
          minmay_the_grid_octo_prize_square_snowflake,
          minmay_the_grid_octo_teeth], layout_long_grid,
          gammafunk_temple_overflow_elements, old_standard_altar
D:10:     layout_roguey, lair_entry_dummy
D:11:     layout_loops_corners, uniq_amaemon
D:12:     layout_roguey, erik_orc_4, gauntlet_entry_generic,
          lemuel_freeze_loot_1, uniq_jorgrun, uniq_josephine, uniq_kirke,
          uniq_nessos
D:13:     layout_big_octagon
D:14:     layout_irregular_city, grunt_vaults_entry_tiered,
          cheibrodos_ashenzari_chains, serial_shops, shop_fountains,
          chequers_serial_rivers_micro_c
D:15:     gammafunk_enter_depths_forms, layout_basic,
          minmay_misc_feat_diagonals, serial_shops, shop
Temple:   kb_temple_of_zot
Lair:1:   beast_lair_carwin_large_1, layout_concentric_octagons, basic_altar
Lair:2:   layout_chaotic_city
Lair:3:   layout_chaotic_city, grunt_megastairs_5
Lair:4:   regret_index_harrowing_hell_hive, layout_regular_city,
          shoals_dummy_entry, minmay_snake_entry_six_corridors
Lair:5:   layout_gridlike, minmay_slime_entry_jelly_boxes,
          infiniplex_staircase_pool
Lair:6:   cheibrodos_lair_end_hotspot, layout_loops_ring,
          eino_small_chamber_without_monster, uniq_snorg
Snake:1:  layout_gridlike, uniq_mlioglotl
Snake:2:  layout_onion_interference, serial_bayou_shore_b, minmay_shop_star
Snake:3:  layout_onion_interference, nicolae_snake_boneroom
Snake:4:  grunt_snake_rune_serpentine_throne, layout_onion_interference,
          gammafunk_ghost_berserking_beasts

Skill      XL: |  1  2  3  4  5  6  7  8  9 10 11 12 13 14 15 16 |
---------------+-------------------------------------------------+-----
Stealth        | 6 7 8 9 10 11 13 14 15 17 | 17.0
Fighting       | 2 3 4 5 6 7 8 10 11 12 13 15 | 15.9
Dodging        | 2 3 4 5 6 7 8 9 10 11 12 13 | 13.6
Armour         | 1 2 3 4 5 6 7 8 9 10 | 10.4
Short Blades   | 3 4 5 6 7 8 9 10 12 13 | 13.7
Shields        | 1 3 4 5 6 7 9 10 | 10.7
Throwing       | |  1.6

Action                   |  1- 3 |  4- 6 |  7- 9 | 10-12 | 13-15 | 16-18 || total
-------------------------+-------+-------+-------+-------+-------+-------++-------
Melee: Dagger            |   131 |   205 |   514 |  1376 |   910 |       ||  3136
       Bite              |     9 |    19 |    79 |   193 |   421 |   141 ||   862
       Punch             |       |     1 |     2 |       |       |       ||     3
       Kick              |       |    10 |   179 |   562 |  1175 |   361 ||  2287
       Short sword       |       |       |       |       |  1383 |   761 ||  2144
Throw: Dart              |       |    23 |    45 |    57 |   113 |    10 ||   248
       Throwing net      |       |     1 |       |       |     4 |       ||     5
       Boomerang         |       |       |       |     5 |       |       ||     5
Invok: Call Merchant     |       |       |       |     2 |     1 |     2 ||     5
       Potion Petition   |       |       |       |     1 |       |       ||     1
 Abil: Exsanguinate      |       |       |       |     1 |     1 |       ||     2
       End Transformatio |       |       |       |       |     1 |       ||     1
       Bat Form          |       |       |       |       |     1 |       ||     1
       Revivify          |       |       |       |       |     1 |       ||     1
Evoke: Wand              |       |       |     4 |    20 |    11 |       ||    35
       Condenser vane    |       |       |       |     1 |     1 |     1 ||     3
       Box of beasts     |       |       |       |       |       |     1 ||     1
  Use: Scroll            |       |     4 |     8 |    13 |    16 |    10 ||    51
       Potion            |       |     2 |     1 |    13 |     7 |     9 ||    32
 Stab: Sleeping          |     9 |       |       |     9 |    25 |     9 ||    52
       Distracted        |       |       |     1 |     9 |    25 |     8 ||    43
       Held in net/web   |       |       |       |       |     3 |       ||     3
       Invisible         |       |       |       |       |     7 |       ||     7
       Petrifying        |       |       |       |       |     1 |       ||     1
Armor: Robe              |    19 |       |       |       |       |       ||    19
       Chain mail        |    31 |   177 |   401 |   865 |   860 |   271 ||  2605
       Skin              |       |       |       |     3 |       |       ||     3
Dodge: Dodged            |    61 |    47 |   111 |   419 |   571 |   138 ||  1347
Block: Buckler           |       |       |    71 |   377 |   510 |       ||   958
       Tower shield      |       |       |       |       |   152 |   704 ||   856

Table legend: (Time is in decaauts)
 A = Elapsed time spent in this place.
 B = Non-inter-level travel time spent in this place.
 C = Inter-level travel time spent in this place.
 D = Time resting spent in this place.
 E = Time spent auto-exploring this place.
 F = Levels seen in this place.
 G = Mean time per level.
                   A        B        C        D        E       F      G
               +--------+--------+--------+--------+--------+-----+--------+
         Total |  37012 |  33347 |   3665 |   7726 |  15166 |  26 | 1423.5 |
       Dungeon |  20579 |  18532 |   2047 |   4243 |   8070 |  15 | 1371.9 |
        Temple |    140 |     93 |     47 |      0 |     80 |   1 |  140.0 |
          Lair |  11673 |  10296 |   1377 |   2829 |   4985 |   6 | 1945.5 |
     Snake Pit |   4619 |   4425 |    194 |    653 |   2029 |   4 | 1154.8 |
               +--------+--------+--------+--------+--------+-----+--------+

Top non-repeatable levels by time:
  Lair:5: 3341 daAuts
    D:14: 2560 daAuts
  Lair:4: 2496 daAuts
    D:15: 2239 daAuts
    D:11: 2053 daAuts
  Lair:1: 1874 daAuts
     D:8: 1822 daAuts
     D:5: 1820 daAuts
  Lair:6: 1493 daAuts
  Lair:3: 1363 daAuts
    D:10: 1294 daAuts
     D:4: 1252 daAuts
 Snake:3: 1233 daAuts
     D:9: 1221 daAuts
 Snake:2: 1209 daAuts
